 Dungeon Crawl Stone Soup version 0.31-a0-672-g7da72447bb (webtiles) character file.

Game seed: 311351603976428647

3680 bjtr the Geomancer (level 10, -11/53 HPs)
             Began as a Gargoyle Earth Elementalist on Sept 4, 2023.
             Engulfed by a cloud of flame (26 damage)
             ... on level 7 of the Dungeon on Sept 5, 2023.
             The game lasted 00:35:23 (8705 turns).

bjtr the Geomancer (Gargoyle Earth Elementalist)    Turns: 8705, Time: 00:35:24

Health: -11/53     AC: 17    Str: 12    XL:     10   Next: 13%
Magic:  16/23      EV: 12    Int: 26    God:
Gold:   402        SH:  0    Dex: 10    Spells: 14/27 levels left

rFire   . . .        L - +2 long sword (freeze)
rCold   . . .        (no shield)
rNeg    + . .        N - +0 steam dragon scales
rPois   ∞            s - +2 hat
rElec   +            (no cloak)
rCorr   .            (no gloves)
SInv    .            G - +1 pair of boots of the Comet {Rampage +Blink rPois}
Will    .....        (no amulet)
Stlth   ++           g - ring of flight
HPRegen 0.28/turn    x - +6 ring of intelligence
MPRegen 0.18/turn

%: rampage
@: flying
A: sickness immunity, AC +7, negative energy resistance 1, electricity
resistance, torment resistance 1, petrification resistance
a: Evoke Blink


You were on level 7 of the Dungeon.
You visited 2 branches of the dungeon, and saw 8 of its levels.
You also visited: Sewer.

You collected 402 gold pieces.

Inventory:

Hand Weapons
 h - a +0 flail
 n - a +0 sling
 u - a +1 short sword of freezing
 y - a +0 mace of flaming
 F - a +0 rapier
 L - a +2 long sword of freezing (weapon)
 O - a +2 whip of freezing
Missiles
 E - 3 poisoned darts
Armour
 a - a +0 robe
 f - a +1 leather armour
 s - a +2 hat (worn)
 G - the +1 pair of boots of the Comet (worn) {Rampage +Blink rPois}
   (You found it on level 6 of the Dungeon)

   rPois:     It protects you from poison +Blink: It lets you blink.
   Rampage:   It bestows one free step when moving towards enemies.
 N - +0 steam dragon scales (worn)
Jewellery
 g - a ring of flight (left hand)
 x - a +6 ring of intelligence (right hand)
 I - a ring of positive energy
Wands
 J - a wand of quicksilver (12)
 K - a wand of flame (17)
 M - a wand of digging (8)
Scrolls
 l - a scroll of amnesia
 m - 2 scrolls of silence
 t - 3 scrolls of fog
 w - 2 scrolls of revelation
 z - 3 scrolls of poison {unknown}
 B - a scroll of enchant armour
 C - 3 scrolls of teleportation
 D - a scroll of identify
Potions
 b - 2 potions of magic
 e - 2 potions of lignification
 i - 2 potions of curing
 k - 6 potions of enlightenment
 o - a potion of ambrosia {unknown}
 p - a potion of might {unknown}
 q - a potion of mutation
 v - a potion of heal wounds {unknown}
 A - a potion of resistance {unknown}
 H - 2 potions of attraction {unknown}


   Skills:
 + Level 2.1 Fighting
 + Level 4.2 Armour
 + Level 2.9 Dodging
 + Level 3.2 Stealth
 + Level 9.1 Spellcasting
 - Level 0.7 Transmutations
 + Level 10.9 Earth Magic


You had 14 spell levels left.
You knew the following spells:

 Your Spells              Type           Power      Damage    Failure   Level
a - Sandblast             Erth           100%       2d20      1%          1
b - Passwall              Tmut/Erth      35%        N/A       1%          2
c - Stone Arrow           Conj/Erth      80%        3d12      1%          3
d - Petrify               Tmut/Erth      42%        N/A       4%          4
e - Ignite Poison         Fire/Tmut/Pois 13%        N/A       14%         3

Your spell library contained the following spells:

 Spells                   Type           Power      Damage    Failure   Level
 Apportation              Tloc           22%        N/A       4%          1
 Necrotise                Necr           44%        1d6       4%          1
 Summon Small Mammal      Summ           44%        N/A       4%          1
 Ensorcelled Hibernation  Hex/Ice        22%        N/A       8%          2
 Call Canine Familiar     Summ           11%        N/A       16%         3
 Hailstorm                Conj/Ice       11%        3d5       16%         3
 Summon Guardian Golem    Hex/Summ       11%        N/A       16%         3
 Anguish                  Hex/Necr       5%         N/A       45%         4
 Sticky Flame             Conj/Fire      11%        2d3       45%         4
 Summon Ice Beast         Ice/Summ       11%        N/A       45%         4
 Conjure Ball Lightning   Conj/Air       5%         3x3d6     100%        6
 Simulacrum               Ice/Necr       5%         N/A       100%        6
 Malign Gateway           Summ/Tloc      5%         N/A       100%        7
 Discord                  Hex            5%         N/A       100%        8
 Disjunction              Tloc           5%         N/A       100%        8
 Ignition                 Fire           5%         3d4       100%        8
 Summon Horrible Things   Summ           5%         N/A       100%        8


Dungeon Overview and Level Annotations

Branches:
Dungeon (7/15)             Temple (1/1) D:6           Sewer (visited)

Altars:
Ashenzari
Cheibriados
Dithmenos
Gozag
Hepliaklqana
Kikubaaqudgha
Nemelex Xobeh
Okawaru
Qazlal
Ru
Sif Muna
Trog
Uskayaw
Wu Jian
Xom
Zin
The Shining One

Annotations:
D:4 2 transporters, LobsterGuardian's ghost, amateur OpEE
Temple 4 transporters


Innate Abilities, Weirdness & Mutations

You are immune to sickness and miasma.
Your stone body is resilient. (AC +7)
You are immune to poison.
You resist negative energy. (rN+)
You are resistant to electric shocks. (rElec)
You are resistant to unholy torment.
You are immune to petrification.


Message History

Aiming: Sandblast (safe; 1% risk of failure)
Press: ? - help, Shift-Dir - straight line, f/p - hound
Aim: a hound (inner flame, petrifying slowly, 100% to hit)
The blast of sand hits the cyan ugly thing!
Flame seeps out of the cyan ugly thing.
The cyan ugly thing is moderately wounded.
The purple ugly thing gurgles horribly!
You hear a shout!
The cyan ugly thing is engulfed in blazing flames.
Flame seeps out of the cyan ugly thing.
Unknown command.
Unknown command.
Unknown command.
Casting: Sandblast (safe; 1% risk of failure)
Confirm with . or Enter, or press ? or * to list all spells.
Aiming: Sandblast (safe; 1% risk of failure)
Press: ? - help, Shift-Dir - straight line, f/p - hound
Aim: a hound (inner flame, petrifying slowly, 100% to hit)
The blast of sand hits the cyan ugly thing!
Flame seeps out of the cyan ugly thing.
The cyan ugly thing is severely wounded.
The cyan ugly thing is engulfed in blazing flames.
Flame seeps out of the cyan ugly thing.
The cyan ugly thing barely misses you.
The cyan ugly thing is engulfed in blazing flames.
Flame seeps out of the cyan ugly thing.
The cyan ugly thing stings you. The cyan ugly thing shocks you. You resist.
Unknown command.
Unknown command.
Casting: Sandblast (safe; 1% risk of failure)
Confirm with . or Enter, or press ? or * to list all spells.
Aiming: Sandblast (safe; 1% risk of failure)
Press: ? - help, Shift-Dir - straight line, f/p - hound
Aim: a hound (inner flame, petrifying slowly, 100% to hit)
The blast of sand hits the cyan ugly thing!!
The cyan ugly thing explodes!
The tree burns like a torch!
The fiery explosion engulfs you!!
Ouch! That really hurt!
* * * LOW HITPOINT WARNING * * *
An orc wizard comes into view. It is wielding a +0 short sword.
You are engulfed in blazing flames.
You die...

#.# #.# ###.# #...# #
#..### ### # # #..#..
..# .♣♣♣♣ # #..#.♣ ♣.#
♣♣♣.... # #..#.♣
♣.#♣♣♣♣♣§§§♣♣♣♣♣ #
#..#.♣
♣.#♣....@°§hDu.♣ #
#..#.♣
♣.#♣.♣♣♣§§§♣♣♣.♣ #
##.#.♣♣♣.#♣.♣
.....#♣.♣ #
#.#.....#♣.♣.####o#♣.♣
#.)..♣.....♣! .#♣u♣ .
#.#.....#♣.♣ #♣.♣
#.#.♣♣♣.#♣.♣ ♣.♣ #.#.♣
♣.#♣.♣u♣♣♣♣♣♣♣D♣ #.#.♣
♣.#♣.♣.D.u.....♣


You could see a purple ugly thing, an acid dragon, a hound (inner flame,
petrifying) and an orc wizard (wandering).

Vanquished Creatures
  Pikel (D:7)
  An ugly thing (D:7)
  Grinder (D:3)
  Sigmund (D:4)
  A wraith (D:6)
  2 steam dragons
  A water moccasin (D:7)
  3 sky beasts
  3 orc warriors
  An ogre (D:6)
  3 phantoms
  2 lemures (D:7)
  2 bullfrogs (D:7)
  2 scorpions
  A gnoll sergeant (D:7)
  4 wights
  A killer bee (D:7)
  A howler monkey (D:7)
  4 jellies
  An orc priest (D:7)
  4 hounds
  A gnoll bouda (D:5)
  A sleepcap (D:7)
  An iguana (D:4)
  4 orc wizards
  A sickly merfolk siren (Sewer)
  A malarious merfolk avatar (Sewer)
  10 gnolls
  11 adders
  2 river rats (Sewer)
  3 shadow imps
  A white imp (D:6)
  2 ufetubi
  2 dart slugs
  30 orcs
  14 ball pythons
  5 endoplasms
  6 giant cockroaches
  8 hobgoblins
  4 jackals (D:1)
  5 kobolds
  10 quokkas
  7 bats
  9 frilled lizards
  7 goblins
  26 rats
211 creatures vanquished.

Notes
Turn   | Place    | Note
-------+----------+-------------------------------------------
     0 | D:1      | bjtr the Gargoyle Earth Elementalist began the quest for
                  | the Orb.
     0 | D:1      | Reached XP level 1. HP: 10/10 MP: 3/3
   120 | D:1      | Reached XP level 2. HP: 12/15 MP: 1/5
   211 | D:1      | Reached skill level 4 in Earth Magic
   568 | D:1      | Reached XP level 3. HP: 19/19 MP: 4/6
  1773 | D:2      | Learned a level 2 spell: Passwall
  1777 | D:2      | Learned a level 3 spell: Stone Arrow
  1858 | D:3      | Reached XP level 4. HP: 24/24 MP: 5/8
  2028 | D:3      | Noticed a +0 dagger
  2033 | D:3      | Noticed a +0 dagger
  2036 | D:3      | Found a hide-covered altar of Uskayaw.
  2052 | D:3      | Noticed Grinder
  2268 | D:3      | Paralysed by Grinder for 4 turns
  2278 | D:3      | Paralysed by Grinder for 5 turns
  2297 | D:3      | Killed Grinder
  2298 | D:3      | Reached skill level 1 in Armour
  2298 | D:3      | Reached skill level 5 in Earth Magic
  2298 | D:3      | Reached XP level 5. HP: 18/28 MP: 3/10
  2298 | D:3      | Reached XP level 6. HP: 21/32 MP: 3/11
  2517 | D:3      | Found a faded altar of an unknown god.
  3293 | D:3      | Reached skill level 6 in Earth Magic
  3668 | D:4      | Reached XP level 7. HP: 24/36 MP: 5/13
  3841 | D:4      | Noticed Sigmund
  3844 | D:4      | Killed Sigmund
  3845 | D:4      | Reached skill level 5 in Spellcasting
  3898 | D:4      | Found an ornate altar of the Wu Jian Council.
  3988 | D:4      | Found a transporter.
  3991 | D:4      | Noticed LobsterGuardian's ghost (amateur OpEE)
  3998 | D:4      | Found a transporter.
  4117 | D:5      | Entered Level 5 of the Dungeon
  4128 | D:5      | Learned a level 4 spell: Petrify
  4170 | D:5      | Reached skill level 7 in Earth Magic
  4267 | D:5      | Reached XP level 8. HP: 41/41 MP: 8/16
  4562 | D:5      | Found a broken altar of Ashenzari.
  4658 | D:5      | Found a glowing silver altar of Zin.
  4752 | D:5      | Reached skill level 8 in Earth Magic
  5124 | D:6      | Found a glowing drain.
  5140 | Sewer    | Entered a sewer
  5741 | D:6      | Noticed a wraith
  5749 | D:6      | Killed a wraith
  5913 | D:6      | Identified the +1 pair of boots of the Comet {Rampage
                  | +Blink rPois}
  5935 | D:6      | Reached skill level 9 in Earth Magic
  5990 | D:6      | Reached XP level 9. HP: 27/46 MP: 14/19
  6065 | D:6      | Found a staircase to the Ecumenical Temple.
  6074 | Temple   | Found a transporter.
  6074 | Temple   | Found a transporter.
  6074 | Temple   | Found a transporter.
  6074 | Temple   | Found a transporter.
  6074 | Temple   | Entered the Ecumenical Temple
  6112 | D:6      | Learned a level 3 spell: Ignite Poison
  8027 | D:7      | Reached skill level 10 in Earth Magic
  8261 | D:6      | Reached skill level 1 in Fighting
  8417 | D:7      | Noticed Pikel
  8523 | D:7      | Killed Pikel
  8524 | D:7      | Reached XP level 10. HP: 53/53 MP: 14/23
  8686 | D:7      | Noticed a cyan ugly thing
  8687 | D:7      | Noticed a purple ugly thing
  8705 | D:7      | Killed a cyan ugly thing
  8705 | D:7      | Engulfed by a cloud of flame

Illustrated notes

Levels and vault maps discovered:
D:1:      ebering_hopf_link, layout_basic
D:2:      layout_basic, wander_ebering_terrifying_dragon_lair
D:3:      layout_basic, dancing_weapons_uskayaw,
          hellmonk_ecumenical_altar_prayer_group,
          nicolae_kite_square_tiling_tiny, uniq_grinder
D:4:      layout_gridville, nicolae_wu_jian_glorious_leap,
          gammafunk_ghost_smash, minmay_misc_feat_tower,
          hangedman_abyss_or_decor_jellyfish_corner, minmay_misc_feat_x,
          uniq_sigmund
D:5:      layout_rooms, mainiacjoe_overflow_24_doors, zin_academy,
          minmay_fountain_box
D:6:      layout_cave_pods, minmay_temple_entry_water_ring, portal_sewer_entry_f
D:7:      nzn_winding_woodlands_cross [nzn_winding_woodlands_5x15_concentric,
          nzn_winding_woodlands_5x15_sawtooth,
          nzn_winding_woodlands_5x15_sidewinder,
          nzn_winding_woodlands_5x15_twine,
          nzn_winding_woodlands_15x15_boxy_spiral], layout_basic,
          kennysheep_ying_yang, kennysheep_potato, uniq_pikel
Temple:   hellmonk_temple_divided_pantheon

Skill      XL: |  1  2  3  4  5  6  7  8  9 10 |
---------------+-------------------------------+-----
Earth Magic    | 4 5 6 7 9 10 | 10.9
Armour         | 1 2 3 4 |  4.2
Dodging        | 2 |  2.9
Spellcasting   | 3 4 5 7 9 |  9.1
Stealth        | 3 |  3.2
Fighting       | 1 2 |  2.1
Transmutations | |  0.7

Action                     |  1- 3 |  4- 6 |  7- 9 | 10-12 || total
---------------------------+-------+-------+-------+-------++-------
  Melee: Unarmed           |     6 |       |       |       ||     6
         Whip              |    15 |       |       |       ||    15
         Short sword       |       |    10 |       |       ||    10
         Punch             |       |     1 |       |       ||     1
         Mace              |       |    10 |    14 |       ||    24
         Long sword        |       |       |    11 |    11 ||    22
   Cast: Sandblast         |    46 |    61 |   217 |     4 ||   328
         Stone Arrow       |       |       |     2 |     2 ||     4
         Petrify           |       |       |     2 |     1 ||     3
         Passwall          |       |       |     1 |       ||     1
    Use: Scroll            |       |    15 |     1 |     1 ||    17
         Potion            |       |     1 |     3 |       ||     4
 Armour: Robe              |    18 |       |       |       ||    18
         Leather armour    |     5 |    51 |   147 |       ||   203
         Steam dragon scal |       |       |       |    17 ||    17
  Dodge: Dodged            |    34 |    46 |   127 |    16 ||   223

Table legend: (Time is in decaauts)
 A = Elapsed time spent in this place.
 B = Non-inter-level travel time spent in this place.
 C = Inter-level travel time spent in this place.
 D = Time resting spent in this place.
 E = Time spent auto-exploring this place.
 F = Levels seen in this place.
 G = Mean time per level.
                   A        B        C        D        E       F      G
               +--------+--------+--------+--------+--------+-----+--------+
         Total |   8894 |   8502 |    392 |   2061 |   4787 |   9 |  988.2 |
       Dungeon |   8273 |   7881 |    392 |   2039 |   4370 |   7 | 1181.9 |
        Temple |     25 |     25 |      0 |      0 |      0 |   1 |   25.0 |
         Sewer |    595 |    595 |      0 |     22 |    417 |   1 |  595.0 |
               +--------+--------+--------+--------+--------+-----+--------+

Top non-repeatable levels by time:
     D:6: 2182 daAuts
     D:3: 1407 daAuts
     D:1: 1195 daAuts
     D:5: 967 daAuts
     D:7: 944 daAuts
     D:4: 893 daAuts
     D:2: 682 daAuts
   Sewer: 595 daAuts
  Temple: 25 daAuts
